 Dungeon Crawl Stone Soup version 0.23.0 (webtiles) character file.

Game seed: 10298336042759207878

130 misha the Covered (level 5, -3/42 HPs)
             Began as a Formicid Fighter on Feb 17, 2019.
             Slain by Grinder (6 damage)
             ... on level 3 of the Dungeon.
             The game lasted 00:14:45 (3173 turns).

misha the Covered (Formicid Fighter)                Turns: 3173, Time: 00:14:45

Health: -3/42      AC:  8    Str: 21    XL:     5   Next: 36%
Magic:  5/5        EV:  8    Int:  8    God:
Gold:   74         SH:  9    Dex: 10    Spells: 4/4 levels left

rFire    . . .     SeeInvis +   b - -3 short sword (curse)
rCold    . . .     Gourm    .   c - +0 shield
rNeg     . . .     Faith    .   w - +0 scale mail
rPois    .         Spirit   .   (helmet unavailable)
rElec    .         Reflect  .   (no cloak)
rCorr    .         Harm     .   (no gloves)
MR       .....                  j - +0 pair of boots
Stlth    ..........             (no amulet)
HPRegen  0.14/turn              (no ring)
MPRegen  0.09/turn              (no ring)

@: no status effects
A: permanent stasis, dig shafts and tunnels, four strong arms, antennae 3
a: Dig, Shaft Self


You were on level 3 of the Dungeon.
You were not hungry.

You visited 1 branch of the dungeon, and saw 3 of its levels.

You collected 74 gold pieces.

Inventory:

Hand Weapons
 a - a +0 quarterstaff
 b - a cursed -3 short sword (weapon)
 m - a +0 club
 n - a cursed -1 club
 o - a +0 hand axe
 q - a +0 club
 x - a +0 rapier
 A - a +0 club
 C - a +0 short sword
 D - a +0 club
 E - a +0 club
Missiles
 g - 68 stones (quivered)
 h - 36 bolts
 p - 83 arrows
Armour
 c - a +0 shield (worn)
 i - a +0 robe
 j - a +0 pair of boots (worn)
 k - a +0 ring mail
 r - a +0 ring mail
 w - a +0 scale mail (worn)
 z - a +0 leather armour
 F - a +0 ring mail
Jewellery
 y - an uncursed ring of poison resistance {unknown}
Scrolls
 l - 2 scrolls of fear
 s - a scroll of identify
 t - 2 scrolls of enchant weapon
 u - 3 scrolls of amnesia {unknown}
 v - a scroll of teleportation
Potions
 d - 2 potions of might
 e - a potion of heal wounds {unknown}
 B - 2 potions of lignification {unknown}
Comestibles
 f - 4 rations


   Skills:
 + Level 3.8 Fighting
 + Level 0.2 Short Blades
 + Level 3.3 Staves
 + Level 4.4 Armour
 + Level 0.3 Dodging
 + Level 4.3 Shields


You had 4 spell levels left.
You didn't know any spells.
Your spell library was empty.

Dungeon Overview and Level Annotations

Branches:
Dungeon (3/15)

Altars:
Elyvilon

Annotations:
D:3 Grinder


Innate Abilities, Weirdness & Mutations

You cannot be hasted, slowed, berserked, paralysed or teleported.
You can dig through walls and to a lower floor.
Your four strong arms can wield two-handed weapons with a shield.
You have a pair of large antennae on your head. (SInv)


Message History

Grinder gestures at you. Pain shoots through your body!
You are too injured to fight recklessly!
You closely miss Grinder.
Grinder is heavily wounded.
Grinder gestures at you. Pain shoots through your body!
* * * LOW HITPOINT WARNING * * *
You block Grinder's attack.
You are too injured to fight recklessly!
You hit Grinder.
Grinder is heavily wounded.
You block Grinder's attack.
You are too injured to fight recklessly!
You hit Grinder but do no damage.
Grinder is heavily wounded.
Grinder hits you.
* * * LOW HITPOINT WARNING * * *
You writhe in agony.
You die...

(. #### ##
....########.....
.. ..........>..#
#. ###.†.########
#. #....5@[.....#
#.
.........######.#
#. ####.##.## #.#
#. #. #.#
#.#########. #.
#.# #.........#.
# #.#
#########.#. #.#
#.#. #. #... #.#.


You could see Grinder.

Vanquished Creatures
  Ijyb (D:2)
  5 adders
  An ooze (D:1)
  A dart slug (D:1)
  4 leopard geckos
  An orc (D:3)
  A ball python (D:1)
  A giant cockroach (D:2)
  8 hobgoblins
  2 kobolds (D:2)
  2 quokkas (D:3)
  3 bats
  4 frilled lizards
  9 goblins
  7 rats
50 creatures vanquished.

Vanquished Creatures (others)
  A frilled lizard (D:2)
1 creature vanquished.

Grand Total: 51 creatures vanquished

Notes
Turn   | Place    | Note
-------+----------+-------------------------------------------
     0 | D:1      | misha the Formicid Fighter began the quest for the Orb.
     0 | D:1      | Reached XP level 1. HP: 18/18 MP: 1/1
    58 | D:1      | Reached XP level 2. HP: 23/24 MP: 2/2
   283 | D:1      | Reached XP level 3. HP: 28/29 MP: 3/3
   751 | D:2      | Found a white marble altar of Elyvilon.
   837 | D:2      | Reached XP level 4. HP: 28/37 MP: 4/4
  1164 | D:2      | Found a white marble altar of Elyvilon.
  1635 | D:3      | Noticed Ijyb
  1708 | D:2      | Killed Ijyb
  1708 | D:2      | Reached XP level 5. HP: 8/42 MP: 5/5
  3131 | D:3      | Noticed Grinder
  3173 | D:3      | Slain by Grinder

Skill      XL: |  1  2  3  4 |
---------------+-------------+-----
Shields        | 4 |  4.3
Staves         | 3 |  3.3
Armour         | 4 |  4.4
Fighting       | |  3.8
Short Blades   | |  0.2
Dodging        | |  0.3

Action                   |  1- 3 |  4- 6 || total
-------------------------+-------+-------++-------
Melee: Quarterstaff      |    74 |    15 ||    89
       Short sword       |       |   187 ||   187
Throw: Stone             |       |     2 ||     2
  Use: Scroll            |       |     5 ||     5
  Eat: Chunk             |       |     6 ||     6
       Ration            |       |     1 ||     1
Armor: Scale mail        |    27 |    78 ||   105
Dodge: Dodged            |    20 |    58 ||    78
Block: Shield            |    30 |    96 ||   126
